 Dungeon Crawl Stone Soup version 0.28.0 (webtiles) character file.

Game seed: 5438763737649383411

76 Sanktem7 the Conjurer (level 4, -1/32 HPs)
             Began as a Gnoll Conjurer on Feb 8, 2022.
             Slain by a gnoll sergeant (9 damage)
             ... on level 2 of the Dungeon.
             The game lasted 00:02:24 (853 turns).

Sanktem7 the Conjurer (Gnoll Conjurer)               Turns: 853, Time: 00:02:25

Health: -1/32      AC:  2    Str:  6    XL:     4   Next: 32%
Magic:  1/11       EV: 13    Int: 19    God:
Gold:   52         SH:  0    Dex: 11    Spells: 10/13 levels left

rFire   . . .      SeeInvis .   c - +2 short sword (venom)
rCold   . . .      Faith    .   (no shield)
rNeg    . . .      Spirit   .   a - +0 robe
rPois   .          Reflect  .   (no helmet)
rElec   .          Harm     .   (no cloak)
rCorr   .          Rampage  .   (no gloves)
Will    .....                   (no boots)
Stlth   ++........              (no amulet)
HPRegen 0.10/turn               (no ring)
MPRegen 0.12/turn               (no ring)

@: no status effects
A: fangs 1, strong nose, distributed training
a: no special abilities


You were on level 2 of the Dungeon.
You visited 1 branch of the dungeon, and saw 2 of its levels.

You collected 52 gold pieces.

Inventory:

Hand Weapons
 c - a +2 short sword of venom (weapon)
Missiles
 d - 5 poisoned darts
Armour
 a - a +0 robe (worn)
Scrolls
 f - 2 scrolls of teleportation {unknown}
 g - a scroll of identify {unknown}
Potions
 b - a potion of might {unknown}
 e - a potion of invisibility {unknown}


   Skills:
 + Level 1.1 Fighting
 + Level 1.1 Short Blades
 + Level 1.1 Long Blades
 + Level 1.1 Axes
 + Level 1.1 Maces & Flails
 + Level 1.1 Polearms
 + Level 1.1 Staves
 + Level 1.1 Slings
 + Level 1.1 Bows
 + Level 1.1 Crossbows
 + Level 1.1 Throwing
 + Level 1.1 Armour
 + Level 4.6 Dodging
 + Level 4.2 Stealth
 + Level 1.1 Shields
 + Level 1.1 Unarmed Combat
 + Level 5.0 Spellcasting
 + Level 7.1 Conjurations
 + Level 0.8 Hexes
 + Level 0.8 Summonings
 + Level 0.8 Necromancy
 + Level 0.8 Translocations
 + Level 0.8 Transmutations
 + Level 0.8 Fire Magic
 + Level 0.8 Ice Magic
 + Level 0.8 Air Magic
 + Level 0.8 Earth Magic
 + Level 0.8 Poison Magic
 + Level 1.2 Invocations
 + Level 1.1 Evocations


You had 10 spell levels left.
You knew the following spells:

 Your Spells              Type           Power      Damage    Failure   Level
a - Magic Dart            Conj           100%       1d8       1%          1
b - Searing Ray           Conj           62%        2d6       1%          2

Your spell library contained the following spells:

 Spells                   Type           Power      Damage    Failure   Level
 Dazzling Flash           Conj/Hex       40%        N/A       7%          3
 Fulminant Prism          Conj/Hex       10%        3d9       24%         4
 Iskenderun's Mystic Bla  Conj/Tloc      20%        2d6       24%         4


Dungeon Overview and Level Annotations

Branches:
Dungeon (2/15)

Altars:

Shops:
D:1 :


Innate Abilities, Weirdness & Mutations

You have very sharp teeth.
Your uncanny sense of smell can sniff out nearby items.
Your experience applies equally to all skills.


Message History

Aiming: Magic Dart (safe; 1% risk of failure)
Press: ? - help, Shift-Dir - straight line, f/p - gnoll sergeant
Aim: a gnoll sergeant, wielding a +0 spear and wearing a +0 ring mail (lightly wounded, 100% to hit)
The magic dart hits the gnoll sergeant but does no damage.
The gnoll sergeant is lightly wounded.
Casting: Magic Dart (safe; 1% risk of failure)
Confirm with . or Enter, or press ? or * to list all spells.
Aiming: Magic Dart (safe; 1% risk of failure)
Press: ? - help, Shift-Dir - straight line, f/p - gnoll sergeant
Aim: a gnoll sergeant, wielding a +0 spear and wearing a +0 ring mail (lightly wounded, 100% to hit)
The magic dart hits the gnoll sergeant.
The gnoll sergeant is moderately wounded.
The gnoll sergeant hits you from afar with a +0 spear!
Casting: Magic Dart (safe; 1% risk of failure)
Confirm with . or Enter, or press ? or * to list all spells.
Aiming: Searing Ray (safe; 1% risk of failure)
Press: ? - help, Shift-Dir - straight line, f/p - gnoll sergeant
Aim: a gnoll sergeant, wielding a +0 spear and wearing a +0 ring mail (moderately wounded, 85% to hit)
The searing ray hits the gnoll sergeant but does no damage.
The gnoll sergeant is moderately wounded.
The searing ray hits the gnoll!
The gnoll is severely wounded.
The searing ray hits the gnoll.
The gnoll is moderately wounded. (Press . to maintain the ray.)
The gnoll sergeant hits you from afar with a +0 spear.
The searing ray hits the gnoll!
You kill the gnoll!
The searing ray hits the gnoll sergeant.
The gnoll sergeant is heavily wounded.
The searing ray hits the gnoll!
You kill the gnoll!
The gnoll sergeant hits you from afar with a +0 spear!
* * * LOW HITPOINT WARNING * * *
You have reached level 4!
You feel agile.
The searing ray hits the gnoll sergeant.
The gnoll sergeant is severely wounded.
The gnoll sergeant hits you from afar with a +0 spear!
You die...

# #....#....# #........
####.###.....# #........
...#.###...#.####........
.........................
..<........#.###)##......
............†# ♣)♣ .....
##...##....#.#♣♣)♣♣ ####
##..#....#.###♣)..♣
...#.....#.# ♣.@.♣
.....#.##### ♣..)..♣
...###.# ♣.♣g.)♣ ...# #.#
♣...)♣..♣ ...# #.#
♣)........♣ ...# #..
♣.###'###.♣ ...# ..# ♣.
.... .♣ ........ ♣ .....
∆♣ #.......


You could see a gnoll sergeant.

Vanquished Creatures
  5 gnolls (D:2)
  A worm (D:2)
  2 dart slugs (D:1)
  3 endoplasms
  A giant cockroach (D:1)
  A goblin (D:1)
  A hobgoblin (D:1)
  A kobold (D:1)
  2 quokkas (D:1)
  3 ball pythons
  A bat (D:1)
  2 frilled lizards (D:1)
  A rat (D:2)
24 creatures vanquished.

Notes
Turn   | Place    | Note
-------+----------+-------------------------------------------
     0 | D:1      | Sanktem7 the Gnoll Conjurer began the quest for the Orb.
     0 | D:1      | Reached XP level 1. HP: 13/13 MP: 6/6
   157 | D:1      | Reached XP level 2. HP: 19/19 MP: 3/7
   217 | D:1      | Found Doryj's Book Shop.
   600 | D:1      | You fall into a shaft and drop 1 floor!
   605 | D:2      | Reached XP level 3. HP: 25/25 MP: 5/9
   608 | D:2      | Learned a level 2 spell: Searing Ray
   676 | D:2      | Reached skill level 5 in Spellcasting
   757 | D:2      | Reached skill level 1 in Invocations
   762 | D:2      | Reached skill level 1 in Fighting
   762 | D:2      | Reached skill level 1 in Short Blades
   762 | D:2      | Reached skill level 1 in Long Blades
   762 | D:2      | Reached skill level 1 in Axes
   762 | D:2      | Reached skill level 1 in Maces & Flails
   762 | D:2      | Reached skill level 1 in Polearms
   762 | D:2      | Reached skill level 1 in Staves
   762 | D:2      | Reached skill level 1 in Slings
   762 | D:2      | Reached skill level 1 in Bows
   762 | D:2      | Reached skill level 1 in Crossbows
   762 | D:2      | Reached skill level 1 in Throwing
   762 | D:2      | Reached skill level 1 in Armour
   762 | D:2      | Reached skill level 1 in Shields
   762 | D:2      | Reached skill level 1 in Unarmed Combat
   762 | D:2      | Reached skill level 1 in Evocations
   845 | D:2      | Noticed a gnoll sergeant
   853 | D:2      | Reached XP level 4. HP: 8/32 MP: 2/11
   853 | D:2      | Slain by a gnoll sergeant

Illustrated notes

Levels and vault maps discovered:
D:1:      dpeg_arrival_rooms_with_view, layout_rooms, serial_shops,
          nicolae_shop_trees
D:2:      layout_rooms, pf_guarded_unrand_woodcutter, uniq_jessica

Skill      XL: |  1  2  3 |
---------------+----------+-----
Spellcasting   | 5 |  5.0
Invocations    | 1 |  1.2
Fighting       | 1 |  1.1
Short Blades   | 1 |  1.1
Long Blades    | 1 |  1.1
Axes           | 1 |  1.1
Maces & Flails | 1 |  1.1
Polearms       | 1 |  1.1
Staves         | 1 |  1.1
Slings         | 1 |  1.1
Bows           | 1 |  1.1
Crossbows      | 1 |  1.1
Throwing       | 1 |  1.1
Armour         | 1 |  1.1
Shields        | 1 |  1.1
Unarmed Combat | 1 |  1.1
Evocations     | 1 |  1.1
Dodging        | |  4.6
Stealth        | |  4.2
Conjurations   | |  7.1
Hexes          | |  0.8
Summonings     | |  0.8
Necromancy     | |  0.8
Translocations | |  0.8
Transmutations | |  0.8
Fire Magic     | |  0.8
Ice Magic      | |  0.8
Air Magic      | |  0.8
Earth Magic    | |  0.8
Poison Magic   | |  0.8

Action                   |  1- 3 |  4- 6 || total
-------------------------+-------+-------++-------
Melee: Short sword       |     3 |       ||     3
       Bite              |     1 |       ||     1
 Cast: Magic Dart        |    52 |       ||    52
       Searing Ray       |     1 |       ||     1
Dodge: Dodged            |     2 |       ||     2
